 Dungeon Crawl Stone Soup version 0.17-a0-1842-gacc33f2 (webtiles) character file.

135 dpvblackbelt the Twirler (level 4, -11/37 HPs)
             Began as a Minotaur Gladiator on Sept 18, 2015.
             Mangled by an ogre
             ... wielding a +0 giant spiked club
              (23 damage)
             ... on level 5 of the Dungeon.
             The game lasted 00:06:31 (3507 turns).

dpvblackbelt the Twirler (Minotaur Gladiator)       Turns: 3507, Time: 00:06:32

Health: -11/37     AC:  4    Str: 25    XL:     4   Next: 97%
Magic:  3/3        EV: 12    Int:  5    God:
Gold:   145        SH:  0    Dex: 11    Spells: 0 memorised, 3 levels left

rFire  . . .     SeeInvis .     a - +0 quarterstaff
rCold  . . .     Clarity  .     b - +0 leather armour
rNeg   . . .     SustAt   .     (no shield)
rPois  .         Gourm    .     c - +0 hat
rElec  .         Spirit   .     (no cloak)
rCorr  .         Warding  .     (no gloves)
rMut   .         Stasis   .     n - +0 pair of boots
MR     .....                    (no amulet)
Stlth  +.........               (no ring)
                                (no ring)

@: mighty, not resistant to hostile enchantments, very unstealthy
A: retaliatory headbutt, horns 2
a: no special abilities


You were on level 5 of the Dungeon.
You were not hungry.

You visited 1 branch of the dungeon, and saw 5 of its levels.

You collected 145 gold pieces.

Inventory:

Hand weapons
 a - a +0 quarterstaff (weapon)
Missiles
 d - 3 throwing nets (quivered)
 x - 2 javelins
Armour
 b - a +0 leather armour (worn)
 c - a +0 hat (worn)
 n - a +0 pair of boots (worn)
Jewellery
 i - a +4 ring of evasion {unknown}
 t - an uncursed amulet of resist corrosion {unknown}
Magical devices
 z - a wand of lightning (10)
Scrolls
 f - a scroll of fog {unknown}
 j - a scroll of identify {unknown}
 k - 3 scrolls of teleportation {unknown}
 m - a scroll of amnesia {unknown}
 q - a scroll of remove curse {unknown}
 s - 2 scrolls of immolation {unknown}
 y - 2 scrolls of fear {unknown}
Potions
 g - a potion of might
 l - 2 potions of curing
 p - a potion of agility {unknown}
 v - a potion of heal wounds {unknown}
 w - a potion of degeneration {unknown}
 A - a potion of berserk rage {unknown}
Books
 o - a book of Annihilations

   Spells                             Type                      Level
   a - Poison Arrow                   Conjuration/Poison           6
   b - Chain Lightning                Conjuration/Air              8
   c - Lehudib's Crystal Spear        Conjuration/Earth            8
   d - Glaciate                       Conjuration/Ice              9
   e - Fire Storm                     Conjuration/Fire             9
Comestibles
 e - 3 bread rations
 h - a beef jerky
 r - a slice of pizza
 u - 4 meat rations
 B - a chunk of flesh


   Skills:
 - Level 2.4 Fighting
 + Level 6.9 Staves
 - Level 2.0 Throwing
 - Level 3.2 Dodging


You had 3 spell levels left.
You didn't know any spells.

Dungeon Overview and Level Annotations

Branches:
Dungeon (5/15)
 Temple: D:4-7

Altars:
Ashenzari
Makhleb
Nemelex Xobeh
Zin
The Shining One


Innate Abilities, Weirdness & Mutations

You reflexively headbutt those who attack you in melee.
You have a pair of horns on your head.


Message History

You sock the ogre! You headbutt the ogre!
The ogre is severely wounded.
You hit the ogre but do no damage.
The ogre is severely wounded.
The ogre hits you with a giant spiked club!
You barely miss the ogre.
The ogre is severely wounded.
The ogre hits you with a giant spiked club!!
Ouch! That really hurt!
* * * LOW HITPOINT WARNING * * *
You are too injured to fight recklessly!
You are too injured to fight recklessly!
Drink which item? (? for menu, Esc to quit)
It was a potion of curing.
You feel better.
Drink which item? (? for menu, Esc to quit)
It was a potion of might.
You feel very mighty all of a sudden.
The ogre hits you with a giant spiked club!!
Ouch! That really hurt!
You die...

#.##.# #.##.#
#.#..# ### #.#.##
#.. #.#.# #.#
#.#.### #.#
#.....###.#######
#.###.#..........
#.# #...#@######
#.# #.###O#
#.....# #.#
..##### #.# ###
..# ###


You could see an ogre.

Vanquished Creatures
  A hound (D:4)
  A worker ant (D:4)
  3 adders
  2 oozes (D:3)
  A worm (D:3)
  A giant gecko (D:2)
  3 bats
  A giant cockroach (D:3)
  11 goblins
  10 hobgoblins
  2 jackals (D:3)
  7 kobolds
  A quokka (D:2)
  A ball python (D:2)
  5 giant newts
  7 rats
57 creatures vanquished.

Notes
Turn   | Place    | Note
--------------------------------------------------------------
     0 | D:1      | dpvblackbelt the Minotaur Gladiator began the quest for the Orb.
     0 | D:1      | Reached XP level 1. HP: 18/18 MP: 0/0
    63 | D:1      | Reached skill level 4 in Staves
   460 | D:1      | Reached XP level 2. HP: 11/25 MP: 1/1
  1511 | D:2      | Reached skill level 5 in Staves
  1586 | D:2      | Reached XP level 3. HP: 27/30 MP: 2/2
  1614 | D:2      | Found a burning altar of Makhleb.
  1619 | D:2      | Found a glowing silver altar of Zin.
  1619 | D:2      | Noticed an angel
  1619 | D:2      | Noticed an Executioner
  2151 | D:2      | Found a shattered altar of Ashenzari.
  2155 | D:2      | Saw a vision of the Swamp and the Snake Pit.
  2155 | D:2      | Noticed a naga mage
  2155 | D:2      | Noticed a naga
  2155 | D:2      | Noticed a naga sharpshooter
  2155 | D:2      | Noticed a black mamba
  2155 | D:2      | Noticed a shock serpent
  2155 | D:2      | Noticed an alligator
  2155 | D:2      | Noticed a giant frog
  2155 | D:2      | Noticed a swamp drake
  2155 | D:2      | Noticed an alligator
  2156 | D:2      | Noticed a greater naga
  2156 | D:2      | Noticed an alligator
  2156 | D:2      | Noticed a water moccasin
  2404 | D:3      | Reached XP level 4. HP: 35/37 MP: 3/3
  2435 | D:3      | Reached skill level 6 in Staves
  2507 | D:3      | Found a sparkling altar of Nemelex Xobeh.
  2552 | D:3      | Found a glowing golden altar of the Shining One.
  3453 | D:5      | Entered Level 5 of the Dungeon
  3501 | D:5      | Noticed an ogre
  3505 | D:5      | HP: 1/37 [ogre/giant spiked club (20)]
  3507 | D:5      | Mangled by an ogre

Vault maps used:
D:1:      dpeg_arrival_pond, serial_bayou_ford_a, minmay_misc_feat_enclosed,
          minmay_unequal
D:2:      grunt_temple_overflow_order_and_chaos_2, grunt_ashenzari_visionary
D:3:      tso_oasis_becter, first_bread, nemelex_spade_bored_becter
D:5:      kennysheep_mini

Action                   |  1- 3 |  4- 6 || total
-------------------------+-------+-------++-------
Melee: Quarterstaff      |    97 |    27 ||   124
  Use: Potion            |       |     2 ||     2
  Eat: Chunk             |     2 |     1 ||     3
       Meat ration       |     1 |       ||     1
